 Dungeon Crawl Stone Soup version 0.32-a0-899-geb5ba95c15 (webtiles) character file.

Game seed: 987114613696757818

2 Kenran the Ruffian (level 1, 0/16 HPs)
             Began as a Demigod Shapeshifter on Apr 5, 2024.
             Slain by a kobold
             ... wielding a +0 mace
              (4 damage)
             ... on level 1 of the Dungeon.
             The game lasted 00:00:19 (55 turns).

Kenran the Ruffian (Demigod Shapeshifter)             Turns: 55, Time: 00:00:20

Health: 0/16       AC:  2    Str: 15    XL:     1   Next: 26%
Magic:  3/3        EV: 11    Int: 12    God:
Gold:   0          SH:  0    Dex: 13    Spells: 0/0 levels left

rFire   . .          .
                       - Unarmed
rCold   . . .        (no shield)
rNeg    . . .        a - +0 animal skin
rPois   +            (helmet currently unavailable)
rElec   .            (cloak currently unavailable)
rCorr   .            (gloves currently unavailable)
SInv    .            (boots currently unavailable)
Will    .....        (no amulet)
Stlth   +            f - ring of poison resistance
HPRegen 0.22/turn    (no ring)
MPRegen 0.08/turn

%: no passive effects
@: beast-form
A: beast (slay +1), high MP 1, forlorn, divine attributes
a: Begin Untransformation


You were on level 1 of the Dungeon.
You were a hulking beast.
You visited 1 branch of the dungeon, and saw 1 of its levels.

Inventory:

Armour
 a - a +0 animal skin (worn)
Jewellery
 f - a ring of poison resistance (left hand)
Talismans
 c - a beast talisman (active)
 d - a flux talisman
Potions
 b - a potion of lignification {!q}
 e - a potion of heal wounds {unknown}


   Skills:
 - Level 1.0 Fighting
 - Level 1.7 Dodging
 + Level 2.8 Unarmed Combat
 - Level 2.6 Shapeshifting


You couldn't memorise any spells.
You didn't know any spells.
Your spell library was empty.

Dungeon Overview and Level Annotations

Branches:
Dungeon (1/15)


Innate Abilities, Weirdness & Mutations

You are a hulking beast.
Your limbs bulge with bestial killing power. (Slay +1)
You have an increased reservoir of magic. (+10% MP)
You shall have no god before yourself.
Your divine heritage dramatically boosts your attributes as you level up.


Message History

f - a ring of poison resistance (left hand)
There is a large open door, spattered with blood here.
Things that are here:
12 stones; a hobgoblin corpse
There is a large open door here.
Found 4 stones.
You open the door.
There is an open door here.
You open the door.
A kobold comes into view. It is wielding a +0 mace.
There is an open door here.
The kobold shouts!
You hit the kobold.
The kobold is moderately wounded.
You hit the kobold.
The kobold is heavily wounded.
The kobold hits you but does no damage.
You barely miss the kobold.
The kobold is heavily wounded.
The kobold hits you with a +0 mace!
You are too injured to fight recklessly!
You are too injured to fight recklessly!
You are too injured to fight recklessly!
You hit the kobold but do no damage.
The kobold is heavily wounded.
The kobold misses you.
You miss the kobold.
The kobold is heavily wounded.
The kobold closely misses you.
You barely miss the kobold.
The kobold is heavily wounded.
The kobold closely misses you.
You barely miss the kobold.
The kobold is heavily wounded.
The kobold hits you with a +0 mace.
* * * LOW HITPOINT WARNING * * *
You closely miss the kobold.
The kobold is heavily wounded.
The kobold hits you with a +0 mace.
You die...

#...........## ...
#+............#..(.
+ß.....<...........
##............#....
#...........## ...
##.........##
###ß#ß'ß###
######'######
#.§§.....hK§#
#≈≈≈.....≈≈§#
###≈≈≈≈≈§§###
####+####


You could see a kobold.

Vanquished Creatures
  2 hobgoblins (D:1)
2 creatures vanquished.

Notes
Turn   | Place    | Note
-------+----------+-------------------------------------------
     0 | D:1      | Kenran the Demigod Shapeshifter began the quest for the
                  | Orb.
     0 | D:1      | Reached XP level 1. HP: 15/15 MP: 3/3
    11 | D:1      | Reached skill level 1 in Fighting
    55 | D:1      | Slain by a kobold

Illustrated notes

Levels and vault maps discovered:
D:1:      dpeg_arrival_morbid_curiosity, layout_basic

Skill      XL: |  1 |
---------------+----+-----
Fighting       | 1 |  1.0
Dodging        | |  1.7
Unarmed Combat | |  2.8
Shapeshifting  | |  2.6

Action                     || total
---------------------------++-------
  Melee: Unarmed           ||    16
 Armour: Animal skin       ||     5
  Dodge: Dodged            ||     7

Table legend: (Time is in decaauts)
 A = Elapsed time spent in this place.
 B = Non-inter-level travel time spent in this place.
 C = Inter-level travel time spent in this place.
 D = Time resting spent in this place.
 E = Time spent auto-exploring this place.
 F = Levels seen in this place.
 G = Mean time per level.
                   A        B        C        D        E       F      G
               +--------+--------+--------+--------+--------+-----+--------+
         Total |     53 |     53 |      0 |     10 |      7 |   1 |   53.0 |
       Dungeon |     53 |     53 |      0 |     10 |      7 |   1 |   53.0 |
               +--------+--------+--------+--------+--------+-----+--------+

Top non-repeatable levels by time:
     D:1: 53 daAuts
